[Event "ICC tourney 2556 (25 5)"]
[Site "Internet Chess Club"]
[Date "2021.05.08"]
[Round "3"]
[White "ZHUANG, KYLE:K05-16368295"]
[Black "GHODAKE, SPARSH:K05-16884947"]
[Result "0-1"]
[ICCResult "White resigns"]
[WhiteElo "1637"]
[BlackElo "1242"]
[Opening "French: Albin-Alekhine-Châtard attack"]
[ECO "C13"]
[NIC "FR.06"]
[Time "15:32:44"]
[PlyCount "134"]
[TimeControl "1500+5"]

1. e4 e6 2. d4 d5 3. Nc3 Nf6 4. Bg5 Be7 5. e5 Nfd7 6. h4 Bxg5 7. hxg5 Qxg5
8. Qd3 h6 9. Nh3 Qe7 10. Nf4 Nc6 11. O-O-O a6 12. Nh5 g6 13. Nf4 h5 14. Qg3
Nf8 15. Be2 Bd7 16. Bf3 O-O-O 17. Rhe1 Nh7 18. Ncxd5 exd5 19. Nxd5 Qg5+ 20.
Qxg5 Nxg5 21. Nf6 Nxf3 22. gxf3 Bf5 23. a3 Nxd4 24. Ne4 Nxf3 25. Re3 Rxd1+
26. Kxd1 Bxe4 27. Rxe4 Re8 28. Ke2 Ng5 29. Re3 h4 30. Kf1 f6 31. f4 Nf7 32.
e6 Nd8 33. e7 Nc6 34. Re6 Rxe7 35. Rxf6 Rg7 36. Kg2 Nd4 37. c3 Nf5 38. Kh3
Kd7 39. Rf8 Ke7 40. Rb8 b6 41. b4 g5 42. fxg5 Rxg5 43. Ra8 Rg3+ 44. Kh2
Rxc3 45. Rxa6 Nh6 46. Ra8 Ng4+ 47. Kg2 h3+ 48. Kf1 h2 49. Rh8 Rxa3 50. Kg2
Ra2+ 51. Kg3 Ra1 52. Kg2 Ne3+ 53. Kxh2 Ra2+ 54. Kg3 Nf5+ 55. Kg4 Ne3+ 56.
Kf3 Nd5 57. Rh4 Rb2 58. Rh7+ Kd6 59. Rh6+ Kd7 60. Rh7+ Kc6 61. Rh6+ Kb5 62.
Rh5 c6 63. Ke4 Rxb4+ 64. Kd3 Ka6 65. Rh6 c5 66. Rd6 Rd4+ 67. Ke2 Nc3+ {
White resigns } 0-1

[Event "ICC tourney 2556 (25 5)"]
[Site "Internet Chess Club"]
[Date "2021.05.08"]
[Round "3"]
[White "B KASHYAP, MAHATI:K05-16792961"]
[Black "J WILLIAMS, CHRISTOPHER:K05-16250362"]
[Result "1/2-1/2"]
[ICCResult "Game drawn by mutual agreement"]
[WhiteElo "1033"]
[BlackElo "1519"]
[Opening "Sicilian: Prins (Moscow) variation"]
[ECO "B55"]
[NIC "SI.01"]
[Time "15:32:19"]
[PlyCount "112"]
[TimeControl "1500+5"]

1. e4 c5 2. Nf3 d6 3. d4 cxd4 4. Nxd4 Nf6 5. f3 e5 6. Nb3 Be7 7. c4 O-O 8.
Nc3 Nc6 9. Be2 Qb6 10. Qd3 Nb4 11. Qd1 Be6 12. Bd2 Rac8 13. Rc1 Bxc4 14.
Bxc4 Rxc4 15. Qe2 Rcc8 16. Be3 Qd8 17. O-O a6 18. a3 Nc6 19. Rfd1 Na5 20.
Nc5 Rxc5 21. Bxc5 Nb3 22. Be3 Nxc1 23. Rxc1 Qd7 24. Rd1 Rc8 25. Bf2 Bd8 26.
Bg3 Qc6 27. Qd2 Bb6+ 28. Kh1 Ne8 29. Nd5 Rd8 30. Ne7+ Kf8 31. Nxc6 bxc6 32.
Qd3 Bd4 33. Qxa6 Bxb2 34. Qxc6 Bxa3 35. Bxe5 Rb8 36. Bg3 Ke7 37. h3 Rd8 38.
e5 h6 39. exd6+ Bxd6 40. Bxd6+ Rxd6 41. Rxd6 Nxd6 42. g4 Ne8 43. Kg2 h5 44.
gxh5 Nf6 45. Qc5+ Ke6 46. Qg5 Nd5 47. Kg3 Ne7 48. Kf4 Nd5+ 49. Ke4 Nf6+ 50.
Kf4 Nd5+ 51. Qxd5+ Kxd5 52. Kg5 Ke5 53. h6 gxh6+ 54. Kxh6 Kf4 55. h4 Kxf3
56. h5 Kg4 { Game drawn by mutual agreement } 1/2-1/2

[Event "ICC tourney 2556 (25 5)"]
[Site "Internet Chess Club"]
[Date "2021.05.08"]
[Round "3"]
[White "METZMAKER, SUYA:K05-16458411"]
[Black "AMRANY, BENJAMIN:K05-17261253"]
[Result "1-0"]
[ICCResult "Black resigns"]
[WhiteElo "1618"]
[BlackElo "1241"]
[Opening "Caro-Kann: exchange variation"]
[ECO "B13"]
[NIC "CK.02"]
[Time "15:31:24"]
[PlyCount "151"]
[TimeControl "1500+5"]

1. e4 c6 2. d4 d5 3. exd5 cxd5 4. Nc3 Nf6 5. Nf3 Bg4 6. Bg5 Nc6 7. Bd3 e6
8. Be3 Be7 9. O-O O-O 10. h3 Bxf3 11. Qxf3 Rc8 12. Qg3 Bd6 13. Qf3 Nb4 14.
Rad1 Nxd3 15. Rxd3 Be7 16. Re1 Ne8 17. Rdd1 Bg5 18. Qg3 Bxe3 19. Qxe3 Qf6
20. Qe5 Qxe5 21. dxe5 Nc7 22. Rd3 Rfd8 23. Red1 Kf8 24. Ne2 Na6 25. c3 Nc5
26. R3d2 Ne4 27. Rd4 Ke7 28. f3 Nc5 29. Rg4 g6 30. Rh4 h5 31. Rb4 b6 32.
Kf2 Nd7 33. f4 Nc5 34. Nd4 Ne4+ 35. Kf3 Rd7 36. c4 Nc5 37. cxd5 Rxd5 38.
Rc4 Rcd8 39. Nc6+ Ke8 40. Rxd5 Rxd5 41. Nxa7 Rd3+ 42. Ke2 Rg3 43. Kf1 Rd3
44. Nb5 Rd2 45. b4 Nd3 46. Rd4 Rf2+ 47. Kg1 Rd2 48. Kh2 h4 49. Nd6+ Kf8 50.
a4 Kg7 51. a5 bxa5 52. bxa5 Ra2 53. Rxd3 Rxa5 54. g3 Ra2+ 55. Kg1 Ra1+ 56.
Kf2 Ra2+ 57. Kf3 hxg3 58. Kxg3 Kh6 59. Nxf7+ Kh5 60. Rd6 Ra3+ 61. Kf2 Ra2+
62. Ke3 Ra3+ 63. Rd3 Ra7 64. Nd8 Kh4 65. Nxe6 Kxh3 66. Ke4+ Kh4 67. f5
gxf5+ 68. Kxf5 Rf7+ 69. Kg6 Rf1 70. Nd4 Rg1+ 71. Kf5 Rg5+ 72. Kf6 Rg8 73.
Nf5+ Kh5 74. Rh3+ Kg4 75. Rg3+ Kf4 76. Rxg8 { Black resigns } 1-0

[Event "ICC tourney 2556 (25 5)"]
[Site "Internet Chess Club"]
[Date "2021.05.08"]
[Round "3"]
[White "YOU, ANDREW:K05-17094697"]
[Black "RODIC, ELLIOT:K05-16510635"]
[Result "1-0"]
[ICCResult "Black checkmated"]
[WhiteElo "1090"]
[BlackElo "724"]
[Opening "English: Caro-Kann defensive system"]
[ECO "A11"]
[NIC "EO.64"]
[Time "15:31:01"]
[PlyCount "137"]
[TimeControl "1500+5"]

1. c4 c6 2. Nc3 Nf6 3. d3 d5 4. Nf3 Bf5 5. g3 e6 6. Bg2 Bd6 7. O-O O-O 8.
Bg5 Nbd7 9. Nh4 Bg6 10. Nxg6 fxg6 11. Qd2 Qe7 12. Qe3 h6 13. Bf4 Bxf4 14.
Qxf4 e5 15. Qd2 d4 16. Ne4 Nxe4 17. Bxe4 Kh7 18. Kg2 Nf6 19. Bf3 c5 20. Qc2
Rac8 21. Qb3 b6 22. Qb5 h5 23. h4 Rc7 24. a4 e4 25. dxe4 Nxe4 26. Rfe1 Nd6
27. Qb3 Qf7 28. Rec1 Qf5 29. a5 Rb8 30. axb6 Rxb6 31. Qc2 Rb4 32. Bd5 Qf6
33. Ra6 Qe7 34. b3 Nf5 35. Re6 Qd8 36. Ra1 Qd7 37. Raa6 Rb8 38. Rxg6 Rf8
39. Be6 Nxh4+ 40. gxh4 Qe8 41. Rg5+ Kh8 42. Qg6 Qxg6 43. Rxg6 Kh7 44. Bd5
Re7 45. Rae6 Ref7 46. f3 Rf4 47. Be4 Kh8 48. Rc6 Rxh4 49. Rxc5 Rhf4 50.
Rxh5+ Kg8 51. Bd5+ R4f7 52. Rhg5 Kh7 53. Bxf7 Rxf7 54. b4 Rc7 55. c5 Kg8
56. b5 Kh7 57. Rc6 Rb7 58. b6 a5 59. Rd5 a4 60. Rxd4 a3 61. Ra4 Re7 62. Kf2
g5 63. Rxa3 Kg7 64. Ra7 Rxa7 65. bxa7 Kf7 66. a8=Q Ke7 67. Qa7+ Kd8 68. Rh6
g4 69. Rh8# { Black checkmated } 1-0

[Event "ICC tourney 2556 (25 5)"]
[Site "Internet Chess Club"]
[Date "2021.05.08"]
[Round "3"]
[White "WONG, WYATT:K05-17016313"]
[Black "LUKOSE, JAMES:K05-16437200"]
[Result "1-0"]
[ICCResult "Black checkmated"]
[WhiteElo "1439"]
[BlackElo "885"]
[Opening "Robatsch defense: two knights, Suttles variation"]
[ECO "B06"]
[NIC "KF.05"]
[Time "15:32:37"]
[PlyCount "79"]
[TimeControl "1500+5"]

1. e4 g6 2. d4 Bg7 3. Nf3 d6 4. Nc3 c6 5. Be2 b5 6. a3 Bb7 7. O-O e6 8. Re1
Ne7 9. d5 O-O 10. dxc6 Bxc6 11. Nxb5 Bxb5 12. Bxb5 a6 13. Ba4 Nbc6 14. Qe2
Qc7 15. c3 Ne5 16. Nxe5 Bxe5 17. f4 Qa5 18. fxe5 Qxa4 19. exd6 Nc8 20. Bh6
Rd8 21. Qf3 f5 22. exf5 Nxd6 23. fxe6 Nf5 24. e7 Re8 25. Qd5+ Kh8 26. Bg5
Qb5 27. Bf6+ Ng7 28. Qf7 Rg8 29. Bxg7+ Rxg7 30. e8=Q+ Rxe8 31. Rxe8+ Qxe8
32. Qxe8+ Rg8 33. Qe5+ Rg7 34. Rf1 h5 35. Rf8+ Kh7 36. Qe8 Kh6 37. Rh8+ Rh7
38. Qf8+ Kg5 39. g3 Rxh8 40. Qf4# { Black checkmated } 1-0

[Event "ICC tourney 2556 (25 5)"]
[Site "Internet Chess Club"]
[Date "2021.05.08"]
[Round "3"]
[White "SAHASRABUDHE, KIAN:K05-17071227"]
[Black "VARMA, ISHAN:K05-16055185"]
[Result "0-1"]
[ICCResult "White checkmated"]
[WhiteElo "121"]
[BlackElo "931"]
[Opening "Four knights: double Ruy Lopez"]
[ECO "C49"]
[NIC "KP.03"]
[Time "15:31:27"]
[PlyCount "162"]
[TimeControl "1500+5"]

1. e4 e5 2. Nf3 Nf6 3. Nc3 Nc6 4. Bb5 Bb4 5. O-O d6 6. d3 Bg4 7. Be3 Bxc3
8. bxc3 h6 9. Rb1 O-O 10. Bc4 Rb8 11. h3 Bh5 12. Re1 a6 13. Bb3 d5 14. exd5
Nxd5 15. Bd2 Nb6 16. c4 Nd4 17. Re3 Nxf3+ 18. gxf3 Qd7 19. Kf1 Qxh3+ 20.
Ke2 Rfe8 21. Qh1 Qf5 22. Re1 e4 23. dxe4 Rxe4 24. Kd1 Nxc4 25. Bxc4 Rxc4
26. Rd3 Rd4 27. Ree3 Rxd3 28. Rxd3 Re8 29. Kc1 Qe5 30. Bc3 Qc5 31. Bd4 Qf5
32. Qg1 f6 33. Qh1 Qa5 34. Bc3 Qf5 35. Kd2 Qf4+ 36. Kd1 Bg6 37. Rd4 Qe5 38.
Qf1 Qf5 39. Qd3 Qxd3+ 40. cxd3 Kf7 41. Rd7+ Re7 42. Rd4 Ke6 43. f4 Rd7 44.
Rxd7 Kxd7 45. Ke2 Kc6 46. Ke3 Kd5 47. f3 c5 48. a4 b6 49. Kd2 h5 50. Ke3 h4
51. Be1 h3 52. Bg3 b5 53. axb5 axb5 54. Kd2 c4 55. dxc4+ Kxc4 56. Kc1 b4
57. Kb2 b3 58. Bh2 Bd3 59. Bg3 Be2 60. Bh2 Bxf3 61. Bg3 Bd5 62. Bh2 Kd3 63.
Bg3 Ke3 64. Bh2 Kf3 65. f5 Kg2 66. Bd6 h2 67. Bxh2 Kxh2 68. Kc3 Kg3 69. Kb2
Kf4 70. Kc3 Kxf5 71. Kb2 g5 72. Kc3 g4 73. Kb2 g3 74. Kc3 g2 75. Kb2 g1=Q
76. Ka3 b2 77. Kxb2 Qc5 78. Kb1 Qf2 79. Kc1 Bb3 80. Kb1 Qc2+ 81. Ka1 Qa2# {
White checkmated } 0-1

[Event "ICC tourney 2556 (25 5)"]
[Site "Internet Chess Club"]
[Date "2021.05.08"]
[Round "3"]
[White "KISHOR MANE, ARNAV:K05-16881843"]
[Black "YANG, ALEXANDER:K05-16917728"]
[Result "0-1"]
[ICCResult "White resigns"]
[WhiteElo "1316"]
[BlackElo "1834"]
[Opening "Sicilian: Canal-Sokolsky attack, 3...Bd7"]
[ECO "B52"]
[NIC "SI.01"]
[Time "15:30:18"]
[PlyCount "102"]
[TimeControl "1500+5"]

1. e4 c5 2. Nf3 d6 3. Bb5+ Bd7 4. Bxd7+ Qxd7 5. O-O Nf6 6. Re1 Nc6 7. c3 e6
8. d4 cxd4 9. cxd4 d5 10. e5 Ne4 11. Nbd2 Nxd2 12. Bxd2 Be7 13. Be3 O-O 14.
Ng5 Rac8 15. a3 Na5 16. b4 Nc4 17. Qd3 g6 18. Nh3 Nxe3 19. Qxe3 Rc2 20.
Rec1 Rfc8 21. Rxc2 Rxc2 22. Rc1 Qc7 23. Rxc2 Qxc2 24. g3 Kg7 25. Ng5 h6 26.
Nf3 Qb2 27. Qd3 a5 28. Kg2 axb4 29. axb4 Qxb4 30. Qd2 Qb3 31. Qe3 Qd1 32.
Qd2 Qb3 33. Qe3 Qa4 34. Qc3 Bb4 35. Qc8 b5 36. Qd8 Bf8 37. Qf6+ Kg8 38. g4
b4 39. Qf4 b3 40. Qc1 Qc4 41. Qd1 b2 42. Nd2 Qc1 43. Qe2 Bb4 44. Nb3 Qc3
45. Qd1 Qe1 46. Qxe1 Bxe1 47. Nc5 b1=Q 48. Nd7 Qe4+ 49. Kg1 Qf3 50. Nf6+
Kg7 51. Ne8+ Kf8 { White resigns } 0-1

[Event "ICC tourney 2556 (25 5)"]
[Site "Internet Chess Club"]
[Date "2021.05.08"]
[Round "3"]
[White "YOGESH MEHTA, ADITYA:K05-17108546"]
[Black "LIN, LEIA:K05-17110828"]
[Result "0-1"]
[ICCResult "White checkmated"]
[WhiteElo "797"]
[BlackElo "1256"]
[Opening "Sicilian: closed, 2...Nc6"]
[ECO "B23"]
[NIC "SI.44"]
[Time "15:30:40"]
[PlyCount "114"]
[TimeControl "1500+5"]

1. e4 c5 2. Nc3 Nc6 3. Nf3 e6 4. Bc4 Nf6 5. O-O d5 6. exd5 exd5 7. Bb5 Be7
8. Ne5 Qc7 9. Nxc6 bxc6 10. Ba4 O-O 11. d4 cxd4 12. Qxd4 Bd6 13. h3 Be6 14.
Bg5 Nd7 15. Qh4 Ne5 16. f4 Ng6 17. Qg3 h6 18. Bh4 Nxf4 19. Qf3 Ng6 20. Bf2
Rad8 21. Rad1 Ne5 22. Qh5 Qb7 23. Bd4 Ng6 24. Ne2 Qa6 25. Bb3 c5 26. Be3 c4
27. Bxc4 dxc4 28. a3 Be5 29. Bd4 Bxd4+ 30. Nxd4 Qb6 31. c3 Bd5 32. Kh1 Qb7
33. Nf3 Bxf3 34. gxf3 Qxb2 35. Rxd8 Rxd8 36. Qa5 Rd2 37. Qc7 Nh4 38. Qg3
Rg2 39. Qf4 Rg6 40. Qh2 Qxh2+ 41. Kxh2 Rg2+ 42. Kh1 Rc2 43. f4 Rxc3 44. a4
Rxh3+ 45. Kg1 c3 46. Rc1 Nf5 47. Kf2 Nd4 48. Ke1 Rh1+ 49. Kf2 Rxc1 50. Kg3
c2 51. Kf2 Rb1 52. Kg3 c1=Q 53. Kf2 Rb2+ 54. Kg3 Qc3+ 55. Kg4 Rg2+ 56. Kh4
Nf5+ 57. Kh5 g6# { White checkmated } 0-1

[Event "ICC tourney 2556 (25 5)"]
[Site "Internet Chess Club"]
[Date "2021.05.08"]
[Round "3"]
[White "LUO, WESLEY:K05-16424622"]
[Black "SELVAM, SWAGATHA:K05-16203181"]
[Result "1-0"]
[ICCResult "Black checkmated"]
[WhiteElo "1673"]
[BlackElo "1289"]
[Opening "Sicilian: dragon, 6.Be3"]
[ECO "B72"]
[NIC "SI.16"]
[Time "15:31:05"]
[PlyCount "123"]
[TimeControl "1500+5"]

1. e4 c5 2. Nf3 d6 3. d4 cxd4 4. Nxd4 Nf6 5. Nc3 g6 6. Be3 Bg7 7. Bc4 O-O
8. O-O Nc6 9. f3 Bd7 10. Qd2 Rc8 11. Bb3 Nxd4 12. Bxd4 e5 13. Be3 Qe7 14.
Bxa7 Bc6 15. Be3 Rfd8 16. Rfd1 Rc7 17. Bb6 Rcd7 18. Bxd8 Qxd8 19. a4 Qb6+
20. Kf1 h5 21. Qd3 Bh6 22. a5 Qa7 23. Nd5 Bxd5 24. Bxd5 Be3 25. Ke2 Bg5 26.
a6 b5 27. Bc6 Rc7 28. Bxb5 Qc5 29. c3 h4 30. b4 Qb6 31. Rg1 Nh5 32. g3 Rc8
33. Bd7 Rd8 34. Bg4 hxg3 35. hxg3 Nf6 36. a7 Qb7 37. Qa6 Qa8 38. Bh3 d5 39.
Rgd1 d4 40. b5 Nxe4 41. Bg2 Nxc3+ 42. Kf1 Nxd1 43. Rxd1 Be3 44. b6 Rd7 45.
f4 e4 46. Bxe4 Qxe4 47. a8=Q+ Qxa8 48. Qxa8+ Kg7 49. b7 Rxb7 50. Qxb7 Kg8
51. Qb8+ Kh7 52. Qe5 Kg8 53. Rxd4 Bxd4 54. Qxd4 Kh7 55. Kf2 Kg8 56. Kf3 Kh7
57. Kg4 Kg8 58. Kg5 Kh7 59. Qd7 Kh8 60. Kf6 Kg8 61. Qxf7+ Kh8 62. Qg7# {
Black checkmated } 1-0

[Event "ICC tourney 2556 (25 5)"]
[Site "Internet Chess Club"]
[Date "2021.05.08"]
[Round "3"]
[White "JIANG, LUCAS:K05-16314627"]
[Black "GORDON, SAMMY:K05-16134625"]
[Result "1-0"]
[ICCResult "Black resigns"]
[WhiteElo "1953"]
[BlackElo "1397"]
[Opening "Sicilian: Labourdonnais-Löwenthal (Kalashnikov) variation"]
[ECO "B32"]
[NIC "SI.32"]
[Time "15:31:43"]
[PlyCount "75"]
[TimeControl "1500+5"]

1. e4 c5 2. Nf3 Nc6 3. d4 cxd4 4. Nxd4 e5 5. Nb5 d6 6. N1c3 a6 7. Na3 Be6
8. Nd5 Nf6 9. Nxf6+ Qxf6 10. Nc4 Rd8 11. Ne3 Qg6 12. Bd3 Be7 13. O-O O-O
14. Kh1 Nb4 15. Nf5 Bg5 16. h4 Bf6 17. h5 Nxd3 18. hxg6 hxg6 19. Qxd3 gxf5
20. exf5 Bd7 21. a4 Bc6 22. Qh3 g6 23. fxg6 fxg6 24. Ra3 Kf7 25. Qb3+ Kg7
26. Qe6 Rh8+ 27. Kg1 Bd7 28. Qc4 d5 29. Qc7 Kf8 30. Rf3 Ke7 31. Rxf6 Kxf6
32. f4 Ke6 33. Qxe5+ Kf7 34. Qxd5+ Ke7 35. Re1+ Kf6 36. Qg5+ Kf7 37. Re7+
Kf8 38. Qf6+ { Black resigns } 1-0

[Event "ICC tourney 2556 (25 5)"]
[Site "Internet Chess Club"]
[Date "2021.05.08"]
[Round "3"]
[White "CARDOSO, KARELY:K05-16268846"]
[Black "YAO, COCO:K05-16335651"]
[Result "1-0"]
[ICCResult "Black forfeits on time"]
[WhiteElo "713"]
[BlackElo "1082"]
[Opening "Scotch: Schmidt variation"]
[ECO "C45"]
[NIC "SO.04"]
[Time "15:57:37"]
[PlyCount "69"]
[TimeControl "1500+5"]

1. e4 e5 2. Nf3 Nc6 3. d4 exd4 4. Nxd4 Nf6 5. Nc3 Bc5 6. Be3 d6 7. Bb5 O-O
8. O-O Re8 9. Nxc6 bxc6 10. Bxc6 Bd7 11. Bxa8 Qxa8 12. Bxc5 dxc5 13. Re1
Re5 14. f3 Qb7 15. b3 Qc6 16. a4 h6 17. Qd2 Qe6 18. Rad1 Kh7 19. Qf4 Nh5
20. Qh4 Qg6 21. f4 Re7 22. Qxe7 Nxf4 23. g3 Nh3+ 24. Kg2 Be6 25. Nb5 h5 26.
Nxc7 Bg4 27. Rd6 f6 28. Ne6 h4 29. Nf8+ Kh6 30. Nxg6 Kxg6 31. gxh4 Nf4+ 32.
Kg3 Bh5 33. Kxf4 Kh6 34. Rg1 Bg6 35. Rd5 { Black forfeits on time } 1-0

[Event "ICC tourney 2556 (25 5)"]
[Site "Internet Chess Club"]
[Date "2021.05.08"]
[Round "3"]
[White "AGARWAL, VISHISHT:K05-17044688"]
[Black "CHEN, LAFAYETTE:K05-16910808"]
[Result "1-0"]
[ICCResult "Black forfeits on time"]
[WhiteElo "893"]
[BlackElo "1483"]
[Opening "Sicilian"]
[ECO "B56"]
[NIC "SI.25"]
[Time "15:32:04"]
[PlyCount "125"]
[TimeControl "1500+5"]

1. e4 c5 2. Nf3 d6 3. d4 cxd4 4. Nxd4 Nf6 5. Nc3 Nc6 6. Be3 e6 7. Qd2 a6 8.
Bd3 Qc7 9. Nxc6 bxc6 10. O-O Be7 11. Rad1 Bb7 12. Bf4 O-O 13. Bc4 Rfd8 14.
Rfe1 e5 15. Bg3 Nh5 16. Rf1 Nxg3 17. fxg3 Bf6 18. Rf3 a5 19. Rd3 Be7 20.
Rf1 Bf6 21. Qf2 Ba6 22. Bxa6 Rxa6 23. Qd2 Raa8 24. Rd1 Be7 25. Ne2 Qb6+ 26.
Kh1 a4 27. b3 axb3 28. axb3 Ra7 29. Nc3 h6 30. Na4 Qc7 31. Qf2 Rb8 32. Nb2
Rd8 33. h3 Rb7 34. Nc4 g6 35. Rf1 Bf8 36. Qd2 Rb5 37. Nb2 d5 38. exd5 Rbxd5
39. Qf2 Rxd3 40. Nxd3 e4 41. Nb2 Bg7 42. Nc4 c5 43. Qe3 Bd4 44. Qf4 Qxf4
45. gxf4 f5 46. Kh2 Re8 47. Re1 Kg7 48. g4 Kf6 49. gxf5 gxf5 50. Kg3 Rg8+
51. Kh2 h5 52. Re2 Bg1+ 53. Kh1 Bd4 54. Re1 Rg3 55. Kh2 Rf3 56. Kg2 Rxf4
57. Kg3 Rf3+ 58. Kg2 Rf2+ 59. Kg3 Rxc2 60. Kf4 Rf2+ 61. Kg3 Rf3+ 62. Kg2
Rxb3 63. Rf1 { Black forfeits on time } 1-0

[Event "ICC tourney 2556 (25 5)"]
[Site "Internet Chess Club"]
[Date "2021.05.08"]
[Round "3"]
[White "STERN, KEVIN:K05-16419450"]
[Black "XIA, RUOXIAO:K05-16025390"]
[Result "1-0"]
[ICCResult "Black forfeits on time"]
[WhiteElo "1393"]
[BlackElo "1921"]
[Opening "Queen's pawn, Mason variation, Steinitz counter-gambit"]
[ECO "D00"]
[NIC "QP.08"]
[Time "15:32:20"]
[PlyCount "99"]
[TimeControl "1500+5"]

1. d4 d5 2. Bf4 c5 3. e3 Nc6 4. Nf3 e6 5. c3 Nf6 6. Nbd2 Bd6 7. Bg3 cxd4 8.
exd4 O-O 9. Bd3 Re8 10. Ne5 Bxe5 11. dxe5 Nd7 12. Nf3 f6 13. Qe2 fxe5 14.
Nxe5 Qf6 15. Ng4 Qf7 16. Ne5 Ncxe5 17. Bxe5 Nxe5 18. Qxe5 Rf8 19. O-O Qf6
20. Rae1 Bd7 21. f4 Rae8 22. Rf3 Rf7 23. Ref1 Ref8 24. Qh5 g6 25. Qe5 a6
26. a3 Bb5 27. Bxb5 axb5 28. Qxf6 Rxf6 29. g3 Kf7 30. Re3 Ke7 31. Rfe1 h5
32. Re5 Kd7 33. h4 Rc8 34. Rd1 Rc4 35. Rd4 Rf5 36. Rxf5 gxf5 37. Kf2 Rxd4
38. cxd4 b4 39. a4 Kc6 40. b3 Kb6 41. Ke3 Ka5 42. Kd3 b5 43. axb5 Kxb5 44.
Kd2 Kc6 45. Kd3 Kd6 46. Ke3 Ke7 47. Ke2 Kf6 48. Kf3 Kg6 49. Ke3 Kf6 50. Kd3
{ Black forfeits on time } 1-0

[Event "ICC tourney 2556 (25 5)"]
[Site "Internet Chess Club"]
[Date "2021.05.08"]
[Round "3"]
[White "JAMES KONG, MILO:K05-16203724"]
[Black "ULUGBEKOVICH KHASANOV, ALISHER:K05-17028741"]
[Result "0-1"]
[ICCResult "White resigns"]
[WhiteElo "1570"]
[BlackElo "1227"]
[Opening "Caro-Kann: exchange variation"]
[ECO "B13"]
[NIC "CK.02"]
[Time "15:31:43"]
[PlyCount "164"]
[TimeControl "1500+5"]

1. e4 c6 2. d4 d5 3. exd5 cxd5 4. Bd3 Nc6 5. c3 Nf6 6. Nf3 Bg4 7. Bf4 e6 8.
Nbd2 Bd6 9. Bg3 Bxg3 10. hxg3 h6 11. Qc2 Rc8 12. Qb1 O-O 13. O-O Re8 14.
Re1 Bxf3 15. Nxf3 Qd6 16. Ne5 Nd7 17. Nxd7 Qxd7 18. a3 Qe7 19. Qd1 Qg5 20.
Qf3 Rcd8 21. Bb5 Re7 22. Bxc6 bxc6 23. Qf4 Qxf4 24. gxf4 Rb7 25. b4 Ra8 26.
Kf1 a5 27. Rec1 axb4 28. cxb4 Rba7 29. Rxc6 Rxa3 30. Rxa3 Rxa3 31. b5 Rb3
32. b6 Kf8 33. Ke2 Ke8 34. Kd2 g5 35. fxg5 hxg5 36. Rc8+ Kd7 37. Rc7+ Kd6
38. Rxf7 Rxb6 39. Rg7 Rb2+ 40. Kc3 Rxf2 41. Rxg5 Ke7 42. g4 Kf6 43. Rg8 Rg2
44. Kb4 Rc2 45. Rf8+ Ke7 46. Rf4 Rc4+ 47. Kb5 e5 48. Rf5 Rxd4 49. Rxe5+ Kd6
50. Rg5 Rd1 51. Rf5 Rg1 52. g5 Ke6 53. Rf6+ Ke5 54. Rg6 d4 55. Kc4 Rc1+ 56.
Kd3 Rc3+ 57. Kd2 Rg3 58. Ke2 Kf5 59. Rd6 Ke5 60. Rg6 Ke4 61. Re6+ Kd5 62.
Rg6 Kc4 63. Rc6+ Kd5 64. Ra6 Rg2+ 65. Kf3 Rg1 66. g6 d3 67. Kf2 d2 68. Kxg1
d1=Q+ 69. Kf2 Qc2+ 70. Ke3 Qe4+ 71. Kf2 Qd4+ 72. Ke1 Qg7 73. Kf2 Ke5 74.
Kg3 Kf5 75. Kf2 Kg5 76. Kg1 Kh6 77. Ra2 Qxg6+ 78. Rg2 Qb6+ 79. Kh1 Kh5 80.
Rh2+ Kg4 81. Rg2+ Kf3 82. Rg7 Qh6+ { White resigns } 0-1

[Event "ICC tourney 2556 (25 5)"]
[Site "Internet Chess Club"]
[Date "2021.05.08"]
[Round "3"]
[White "BHATTACHARJEE, RIJU:K05-16538876"]
[Black "KAZAN, JUDE:K05-16350155"]
[Result "0-1"]
[ICCResult "White forfeits on time"]
[WhiteElo "1270"]
[BlackElo "1655"]
[Opening "Caro-Kann: Tartakower (Nimzovich) variation"]
[ECO "B15"]
[NIC "CK.06"]
[Time "15:31:05"]
[PlyCount "90"]
[TimeControl "1500+5"]

1. e4 c6 2. d4 d5 3. Nc3 dxe4 4. Nxe4 Nf6 5. Nxf6+ exf6 6. Nf3 Bd6 7. Bd3
O-O 8. Be3 Re8 9. Qd2 Nd7 10. O-O-O Nf8 11. Rdg1 Be6 12. Kb1 a5 13. g4 Bd5
14. Be2 Qb6 15. g5 f5 16. Bd1 Ba3 17. Qc3 Bb4 18. Qd3 Be4 19. Qe2 Bc3 20.
Bc1 Bxd4 21. h4 Bxf2 22. Rg2 Bc5 23. h5 g6 24. hxg6 fxg6 25. Rg3 Qa6 26.
Qh2 Bxf3 27. Bxf3 Qc4 28. Rh3 Qf7 29. Be2 a4 30. Rc3 Bd4 31. Bc4 Ne6 32.
Bxe6 Rxe6 33. Rh3 Re7 34. Rh6 Rae8 35. Rh4 Be3 36. Qg2 Bxc1 37. Rxc1 Re1
38. Rxa4 Rxc1+ 39. Kxc1 Qe6 40. b3 Qe1+ 41. Kb2 Qe5+ 42. Ka3 Qe2 43. Qxe2
Rxe2 44. Ra7 Re7 45. Kb4 f4 { White forfeits on time } 0-1

[Event "ICC tourney 2556 (25 5)"]
[Site "Internet Chess Club"]
[Date "2021.05.08"]
[Round "3"]
[White "CHEN, JOCELYN:K05-15671677"]
[Black "PARIZIANU, PHILIP:K05-16138477"]
[Result "1-0"]
[ICCResult "Black resigns"]
[WhiteElo "1775"]
[BlackElo "1334"]
[Opening "Ruy Lopez: closed, Kholmov variation"]
[ECO "C92"]
[NIC "RL.21"]
[Time "16:23:50"]
[PlyCount "63"]
[TimeControl "1500+5"]

1. e4 e5 2. Nf3 Nc6 3. Bb5 a6 4. Ba4 Nf6 5. O-O b5 6. Bb3 Be7 7. Re1 O-O 8.
c3 d6 9. h3 Be6 10. d4 exd4 11. cxd4 d5 12. e5 Nd7 13. Nc3 Bb4 14. Bg5 Be7
15. Bxe7 Nxe7 16. Bc2 Ng6 17. b4 Qe7 18. a3 Nb6 19. Qd3 Qd7 20. h4 f5 21.
Qe3 f4 22. Qe2 Ne7 23. Qd3 Bf5 24. e6 Bxd3 25. exd7 Bxc2 26. Rxe7 Rad8 27.
Ne5 Bf5 28. Re1 Bxd7 29. Nxd7 Rxd7 30. Rxd7 Nxd7 31. Nxd5 Nb6 32. Nxc7 {
Black resigns } 1-0

[Event "ICC tourney 2556 (25 5)"]
[Site "Internet Chess Club"]
[Date "2021.05.08"]
[Round "4"]
[White "RAMIREDDY, ABHINAV:K05-16502971"]
[Black "SRINIVAS PEDDIBOYINA, AKSHAR:K05-16853620"]
[Result "1-0"]
[ICCResult "Black resigns"]
[WhiteElo "912"]
[BlackElo "197"]
[Opening "Scotch game"]
[ECO "C45"]
[NIC "SO.04"]
[Time "17:32:38"]
[PlyCount "26"]
[TimeControl "1500+5"]

1. e4 e5 2. Nf3 Nc6 3. d4 exd4 4. Nxd4 Nxd4 5. Qxd4 Nf6 6. Nc3 d6 7. Bg5 h6
8. Bh4 Be7 9. O-O-O O-O 10. Bxf6 Bg4 11. Bxe7 Qxe7 12. f3 Be6 13. Nd5 Qd7 {
Black resigns } 1-0

[Event "ICC tourney 2556 (25 5)"]
[Site "Internet Chess Club"]
[Date "2021.05.08"]
[Round "4"]
[White "TAITT, ANAIYA:K05-16452296"]
[Black "JAIN, DARSH:K05-30103038"]
[Result "1-0"]
[ICCResult "Black checkmated"]
[WhiteElo "443"]
[BlackElo "836"]
[Opening "Scotch game"]
[ECO "C45"]
[NIC "SO.05"]
[Time "17:33:41"]
[PlyCount "29"]
[TimeControl "1500+5"]

1. e4 e5 2. Nf3 Nc6 3. d4 exd4 4. Nxd4 Bc5 5. Be3 Nf6 6. Bc4 Bxd4 7. Bxd4
O-O 8. Nc3 Re8 9. O-O Nxe4 10. Nxe4 Rxe4 11. Bd5 Rxd4 12. Qf3 d6 13. Qxf7+
Kh8 14. f3 Qe7 15. Qg8# { Black checkmated } 1-0

[Event "ICC tourney 2556 (25 5)"]
[Site "Internet Chess Club"]
[Date "2021.05.08"]
[Round "4"]
[White "LI, GABRIEL:K05-16325722"]
[Black "WANG JIA, TRISTAN:K05-17245906"]
[Result "0-1"]
[ICCResult "White checkmated"]
[WhiteElo "480"]
[BlackElo "887"]
[Opening "Giuoco Pianissimo: Canal variation"]
[ECO "C47"]
[NIC "KP.06"]
[Time "17:33:14"]
[PlyCount "60"]
[TimeControl "1500+5"]

1. e4 e5 2. Nf3 Nc6 3. Nc3 Nf6 4. Bc4 Bc5 5. d3 d6 6. Bg5 h6 7. Be3 Bb6 8.
Bxb6 axb6 9. O-O Bg4 10. h3 Bh5 11. g4 Bg6 12. Rc1 Nd4 13. Nxd4 exd4 14.
Nd5 Nxd5 15. exd5 O-O 16. c3 dxc3 17. Rxc3 Qh4 18. Re1 Qxh3 19. Rc2 Qxg4+
20. Kf1 Qh3+ 21. Kg1 Qh5 22. Rce2 Qg5+ 23. Kf1 Bh5 24. d4 Bxe2+ 25. Bxe2
Qxd5 26. Bd3 Qg5 27. Re3 Qf6 28. Re4 Rxa2 29. d5 Rxb2 30. Bc4 Qxf2# { White
checkmated } 0-1